AoeStats
← 小Q是坑

Hideout

503200552Analyzed
4v4 RM · 3mo ago on Aug 30, 2026· 49m 40s· 8 players
Game mode
Random Map
Map size
Large (8 player)
Population
200
Speed
Normal
Resources
Standard
Victory
Conquest
Starting age
Dark Age
Ending age
Imperial Age
RankedLock teamsTeams togetherTeam positionsShared explorationLock speedFull tech treeHidden civsTurbo modeCheats
Victory
Defeat
🇭🇰 Ethiopians · Hong Kong SAR China
1255
+15
🇵🇪 Saracens · Peru
1254
+15
🇹🇼 Hindustanis · Taiwan
1251
+15
🇬🇧 Slavs · United Kingdom
1205
+17
vs
🇨🇴 Cumans · Colombia
1332
-20
🇺🇦 Britons · Ukraine
1272
-17
🇺🇸 Magyars · United States
1207
-14
🇵🇪 Lithuanians · Peru
1098
-10
genehung9
10:51 Feudal Age
11:45 Horse Collar
12:00 Double-Bit Axe
14:01 Scale Barding Armor
14:06 Forging
14:46 Bloodlines
15:39 Wheelbarrow
15:54 Forging
21:42 Castle Age
20:31 Gold Mining
22:47 Chain Barding Armor
22:13 Light Cavalry
22:53 Husbandry
23:58 Husbandry
24:15 Bow Saw
25:54 Iron Casting
34:31 Imperial Age
31:44 Light Cavalry
33:39 Loom
36:27 Imperial Age
33:46 Loom
36:48 Town Watch
36:55 Town Watch
37:25 Hand Cart
36:58 Heavy Camel Rider
38:23 Plate Barding Armor
40:44 Blast Furnace
45:39 Grand Trunk Road
46:07 Conscription
46:05 Imperial Camel Rider
49:09 Hussar
Chianti | AwE
7:03 Loom
9:22 Feudal Age
9:52 Double-Bit Axe
9:48 Horse Collar
14:48 Forging
15:56 Scale Barding Armor
17:24 Wheelbarrow
21:14 Castle Age
19:36 Bloodlines
20:27 Gold Mining
21:12 Stone Mining
21:19 Light Cavalry
22:36 Iron Casting
22:21 Husbandry
27:51 Hand Cart
29:49 Chain Barding Armor
30:55 Bow Saw
30:48 Heavy Plow
33:12 Pikeman
33:52 Squires
33:55 Scale Mail Armor
37:56 Imperial Age
38:35 Chain Mail Armor
39:12 Gold Shaft Mining
38:53 Druzhina
38:22 Halberdier
40:22 Blast Furnace
39:53 Plate Mail Armor
39:04 Capped Ram
40:01 Siege Ram
47:05 Detinets
47:26 Conscription
47:58 Crop Rotation
48:30 Two-Man Saw
小Q是坑
10:28 Feudal Age
13:35 Fletching
19:08 Castle Age
17:58 Padded Archer Armor
17:57 Gold Mining
19:09 Crossbowman
19:50 Bodkin Arrow
19:57 Double-Bit Axe
21:53 Bow Saw
24:35 Wheelbarrow
27:29 Town Watch
28:14 Leather Archer Armor
29:00 Hand Cart
32:43 Thumb Ring
37:22 Loom
40:29 Imperial Age
38:08 Horse Collar
40:36 Arbalester
41:42 Ballistics
44:15 Bracer
45:44 Chemistry
46:26 Ring Archer Armor
48:34 Squires
50:08 Gold Shaft Mining
49:50 Caravan
The Falcon
7:31 Loom
10:19 Feudal Age
10:53 Double-Bit Axe
14:56 Fletching
16:11 Padded Archer Armor
22:31 Castle Age
21:07 Gold Mining
22:05 Horse Collar
22:32 Crossbowman
23:09 Bodkin Arrow
23:21 Thumb Ring
23:45 Bow Saw
28:55 Ballistics
30:13 Wheelbarrow
30:18 Gold Shaft Mining
31:00 Leather Archer Armor
34:29 Imperial Age
33:34 Heavy Plow
34:25 Hand Cart
34:55 Stone Mining
35:42 Bracer
36:44 Chemistry
35:28 Arbalester
37:45 Town Watch
38:28 Town Patrol
40:32 Siege Engineers
41:05 Ring Archer Armor
48:45 Hoardings
48:31 Conscription
KetaMight
10:22 Feudal Age
17:56 Castle Age
20:21 Scale Barding Armor
21:01 Double-Bit Axe
22:32 Bloodlines
22:18 Loom
29:25 Chain Barding Armor
29:52 Padded Archer Armor
29:42 Fletching
29:58 Husbandry
31:12 Wheelbarrow
31:32 Bodkin Arrow
32:58 Chain Barding Armor
34:17 Bow Saw
33:54 Horse Collar
34:42 Leather Archer Armor
35:51 Thumb Ring
35:44 Gold Mining
38:03 Gold Shaft Mining
39:49 Stone Mining
43:31 Imperial Age
40:47 Town Watch
44:33 Corvinian Army
Seritzia
6:34 Loom
9:00 Feudal Age
9:38 Double-Bit Axe
9:40 Horse Collar
9:46 Loom
22:57 Wheelbarrow
26:06 Castle Age
28:11 Thumb Ring
29:20 Bloodlines
29:40 Ballistics
34:33 Wheelbarrow
35:49 Heavy Plow
40:23 Imperial Age
37:52 Gold Mining
39:50 Hand Cart
41:30 Parthian Tactics
40:26 Heavy Cavalry Archer
43:23 Chemistry
43:19 Elite Kipchak
44:20 Conscription
46:08 Crossbowman
46:08 Elite Skirmisher
nikikiker
9:39 Feudal Age
10:45 Double-Bit Axe
12:32 Loom
13:37 Fletching
14:25 Horse Collar
15:04 Padded Archer Armor
27:42 Castle Age
28:22 Crossbowman
28:59 Bodkin Arrow
35:07 Bow Saw
38:52 Wheelbarrow
39:16 Gold Mining
39:29 Heavy Plow
45:13 Imperial Age
42:49 Elite Skirmisher
45:25 Leather Archer Armor
45:59 Bracer
47:02 Chemistry
48:57 Arbalester
MACS-X
12:09 Feudal Age
16:07 Castle Age
14:17 Double-Bit Axe
14:48 Horse Collar
16:43 Bloodlines
17:01 Scale Barding Armor
17:13 Loom
21:46 Fervor
26:03 Chain Barding Armor
26:24 Husbandry
27:31 Forging
33:14 Heavy Plow
33:27 Bow Saw
37:01 Wheelbarrow
39:20 Imperial Age
38:20 Iron Casting
39:36 Cavalier
41:21 Plate Barding Armor
43:01 Elite Skirmisher
43:47 Thumb Ring
45:21 Conscription
45:18 Padded Archer Armor
45:08 Fletching
45:45 Ballistics
49:13 Chemistry
48:52 Leather Archer Armor
48:32 Bodkin Arrow
Connection lost

Rejoining the realm…

Still unreachable

The connection could not be restored.

Session expired

The server has moved on; the page needs a fresh start.